 Dungeon Crawl Stone Soup version 0.22-a0-580-gd5db89c (webtiles) character file.

7 Amnesiac the Magician (level 1, -1/9 HPs)
             Began as a Spriggan Wanderer on July 2, 2018.
             Slain by an adder skeleton (2 damage)
             ... on level 4 of the Dungeon.
             The game lasted 00:01:44 (365 turns).

Amnesiac the Magician (Spriggan Wanderer)            Turns: 365, Time: 00:01:45

Health: -1/9       AC:  2    Str:  6    XL:     1   Next: 83%
Magic:  6/6        EV: 15    Int: 14    God:
Gold:   74         SH:  0    Dex: 16    Spells: 8/8 levels left

rFire    . . .     SeeInvis +   e - +0 dagger
rCold    . . .     Gourm    .   (shield restricted)
rNeg     . . .     Faith    .   d - +0 robe
rPois    .         Spirit   .   (helmet restricted)
rElec    .         Reflect  .   (no cloak)
rCorr    .         Harm     .   (gloves unavailable)
MR       .....                  (boots unavailable)
Stlth    +++.......             (no amulet)
HPRegen  0.03/turn              (no ring)
MPRegen  0.10/turn              (no ring)

@: very quick
A: very small, unfitting armour, see invisible, herbivore, speed 3, slow
metabolism 2
a: no special abilities


You were on level 4 of the Dungeon.
You were not hungry.

You visited 1 branch of the dungeon, and saw 5 of its levels.

You collected 74 gold pieces.

Inventory:

Hand Weapons
 e - a +0 dagger (weapon)
Armour
 d - a +0 robe (worn)
Scrolls
 a - a scroll of random uselessness {!r, unknown}
 b - a scroll of remove curse {!r, unknown}
Potions
 c - a potion of lignification {!q}
Comestibles
 f - a ration


   Skills:
 + Level 3.9 Stealth
 - Level 4.1 Spellcasting
   Level 1.3 Conjurations
   Level 1.5 Charms
   Level 3.0 Translocations


You had 8 spell levels left.
You didn't know any spells.
Your spell library contained the following spells:

 Spells                   Type           Power        Failure   Level  Hunger
 Teleport Other           Tloc           ##......     17%         3    ###....
 Blink                    Tloc           N/A          9%          2    ##.....
 Passwall                 Tmut/Erth      #.......     28%         2    ##.....
 Sticks to Snakes         Tmut           #.......     28%         2    ##.....
 Passage of Golubria      Tloc           N/A          50%         4    ####...
 Shroud of Golubria       Chrm/Tloc      #.........   12%         2    ##.....
 Gell's Gravitas          Tloc           ##........   17%         3    ###....
 Lesser Beckoning         Tloc           ##........   17%         3    ###....


Dungeon Overview and Level Annotations

Branches:
Dungeon (5/15)
 Temple: D:4-7

Altars:
Vehumet


Innate Abilities, Weirdness & Mutations

You are very small and have problems with some larger weapons.
You are too small for most types of armour.
You have supernaturally acute eyesight. (SInv)
You are a herbivore.
You cover ground extremely quickly.
You need to consume almost no food.


Message History

A sentinel's mark forms upon you.
You hear an angry hiss.
You hear a bark! x2; You hear a shout! x2
You hear a bark! x5
There is a stone staircase leading up here.
You climb upwards.
There is a stone staircase leading down here.
Okay, then.
You close the door.
You start waiting.
The sentinel's mark upon you fades away.
Okay, then.
You open the door.
There is an open door here.
You see here a frilled lizard corpse.
You see here a dart slug corpse.
Found a pair of gloves.
Found a leather armour.
A gnoll comes into view. It is wielding a spear.
Found 20 arrows.
Found a scroll labeled VUTAAL YNWUOTU.
b - a scroll labeled VUTAAL YNWUOTU {!r}
Found 20 arrows.
You now have 74 gold pieces (gained 19).
You see here 20 arrows.
You see here 20 arrows.
An adder skeleton comes into view.
You swing at nothing.
You closely miss the adder skeleton. The adder skeleton bites you.
You hit the adder skeleton.
The adder skeleton is lightly damaged.
The adder skeleton completely misses you.
You barely miss the adder skeleton.
The adder skeleton is lightly damaged.
The adder skeleton barely misses you.
You closely miss the adder skeleton.
The adder skeleton is lightly damaged.
The adder skeleton closely misses you.
You hit the adder skeleton.
The adder skeleton is moderately damaged.
The adder skeleton barely misses you. The adder skeleton bites you.
You barely miss the adder skeleton.
The adder skeleton is moderately damaged.
The adder skeleton closely misses you.
You hit the adder skeleton.
The adder skeleton is heavily damaged.
The adder skeleton bites you.
* * * LOW HITPOINT WARNING * * *
You hit the adder skeleton.
The adder skeleton is severely damaged.
The adder skeleton barely misses you.
You closely miss the adder skeleton.
The adder skeleton is severely damaged.
The adder skeleton completely misses you.
You barely miss the adder skeleton.
The adder skeleton is severely damaged.
The adder skeleton bites you but does no damage.
You hit the adder skeleton.
The adder skeleton is severely damaged.
The adder skeleton bites you.
* * * LOW HITPOINT WARNING * * *
You barely miss the adder skeleton.
The adder skeleton is severely damaged.
The adder skeleton bites you.
You die...

###.# #.(.#.# #...# ..
#####.#### #.### ..
#.......# #.# .. #.##.##.#
#.######.# #.##†##.#
#.....##.# #....##.####
#.###.##.# #.#####....#
#.# #....#### #.#####.##.#
#.###...Z@..# #.....####.#
#.......###.###.#####.....
###.#...........# #.8####
#.#.#..[#.##### #.##...
#.#..###..# #.#.8.8
#.........# #.#..>.
####.#[#.## #.#.8.8
##...## #.##... #...#
#.8##'#


You could see an adder skeleton.

Vanquished Creatures
  A dart slug (D:4)
  An orc (D:4)
  A quokka (D:5)
  A frilled lizard (D:4)
4 creatures vanquished.

Notes
Turn   | Place    | Note
-------+----------+-------------------------------------------
     0 | D:1      | Amnesiac the Spriggan Wanderer began the quest for the Orb.
     0 | D:1      | Amnesiac set off with: a potion of lignification {!q}, a +0 robe, a +0 dagger, a ration
     0 | D:1      | Reached XP level 1. HP: 9/9 MP: 6/6
    56 | D:2      | Noticed an orc wizard
    56 | D:2      | Noticed an orc priest
    57 | D:2      | Noticed an orc wizard
    92 | D:4      | Found a radiant altar of Vehumet.
   160 | D:5      | Entered Level 5 of the Dungeon
   365 | D:4      | Slain by an adder skeleton

Vault maps used:
D:1:      matt_arrival_diagonals, grunt_decor_fettered, cheibriados_altar_1
D:2:      cheibrodos_pilgrimage
D:3:      portal_sewer_entry_f
D:4:      grunt_ministairs_11, vehumet_altar_wand_db
D:5:      serial_shops, nicolae_shop_trees, first_ration,
          minmay_misc_feat_rugged, glass_columns_b, guppyfry_early_lair_pool,
          uniq_menkaure

Action                   || total
-------------------------++-------
Melee: Dagger            ||    18
  Use: Scroll            ||     1
 Stab: Sleeping          ||     3
Armor: Robe              ||     3
Dodge: Dodged            ||    18

Table legend:
 A = Spawn XP
 B = Non-spawn XP
 C = Spawn XP percentage of total XP
 D = Spawn monster count
 E = Non-spawn monster count
 F = Spawn count percentage of total count
 G = Total turns spent on level
                    A         B        C        D         E        F      G
               +---------+---------+-------+---------+---------+-------+---------
         Total |       0 |      10 |   0.0 |       0 |       4 |   0.0 |   365
               +---------+---------+-------+---------+---------+-------+---------
           D:4 |       0 |       8 |   0.0 |       0 |       3 |   0.0 |   237
           D:5 |       0 |       2 |   0.0 |       0 |       1 |   0.0 |    45
               +---------+---------+-------+---------+---------+-------+---------
